 Dungeon Crawl Stone Soup version 0.27.1-33-g824d729ab1 (webtiles) character file.

Game seed: 8017210423365096095

4 Descartes the Skirmisher (level 1, 0/10 HPs)
             Began as a Felid Wanderer on Dec 19, 2021.
             Slain by a goblin (2 damage)
             ... on level 1 of the Dungeon.
             The game lasted 00:01:01 (557 turns).

Descartes the Skirmisher (Felid Wanderer)            Turns: 557, Time: 00:01:01

Health: 0/10       AC:  1    Str:  6    XL:     1   Next: 58%
Magic:  4/4        EV: 16    Int: 13    God:
Gold:   15         SH:  0    Dex: 17    Spells: 4/4 levels left
                                        Lives:  0   Deaths: 0

rFire    . . .     SeeInvis +   (weapon unavailable)
rCold    . . .     Faith    .   (shield unavailable)
rNeg     . . .     Spirit   .   (armour unavailable)
rPois    .         Reflect  .   (helmet unavailable)
rElec    .         Harm     .   (cloak unavailable)
rCorr    .         Rampage  .   (gloves unavailable)
Will     .....                  (boots unavailable)
Stlth    ++........             (no amulet)
HPRegen  0.03/turn              (no ring)
MPRegen  0.09/turn              (no ring)

@: quick
A: very small, claws 1, fangs 3, see invisible, speed 1, shaggy fur 1, stealthy
paws, no weapons or thrown items, no armour, multi-lived
a: no special abilities


You were on level 1 of the Dungeon.
You visited 1 branch of the dungeon, and saw 1 of its levels.

You collected 15 gold pieces.

Inventory:

Scrolls
 c - a scroll of fog {unknown}
Potions
 a - a potion of lignification
 b - a potion of curing


   Skills:
 - Level 3.0 Fighting
 + Level 0.7 Dodging
 + Level 3.0 Stealth
 + Level 0.4 Unarmed Combat
 - Level 2.0 Spellcasting
 - Level 1.7 Fire Magic
 - Level 1.0 Ice Magic


You had 4 spell levels left.
You didn't know any spells.
Your spell library was empty.

Dungeon Overview and Level Annotations

Branches:
Dungeon (1/15)

Altars:


Innate Abilities, Weirdness & Mutations

You have sharp claws.
You have razor-sharp teeth.
You have supernaturally acute eyesight. (SInv)
You cover ground quickly. (Speed+)
You are covered in fur. (AC +1)
Your paws help you pounce on unaware monsters.
You are incapable of wielding weapons or throwing items.
You cannot wear armour.
You gain extra lives every three experience levels.


Message History

The rat completely misses you.
You scratch the rat but do no damage.
The rat is severely wounded.
The rat barely misses you.
You scratch the rat.
You kill the rat!
Your Stealth skill increases to level 3!
No target in view!
No target in view!
No target in view!
No target in view!
No target in view!
No target in view!
No target in view!
No target in view!
A kobold comes into view. It is wielding a +0 club.
The kobold shouts!
You scratch the kobold but do no damage.
The kobold hits you with a +0 club.
A goblin comes into view. It is wielding a +0 dagger.
You barely miss the kobold. The kobold closely misses you.
The goblin shouts!
You scratch the kobold.
The kobold is moderately wounded.
The kobold misses you.
You closely miss the kobold.
The kobold is moderately wounded.
The kobold completely misses you. The goblin hits you with a +0 dagger.
You miss the kobold.
The kobold is moderately wounded.
The kobold closely misses you. The goblin closely misses you.
You scratch the kobold.
The kobold is severely wounded.
The kobold closely misses you. The goblin completely misses you.
You barely miss the kobold.
The kobold is severely wounded.
The kobold hits you with a +0 club.
* * * LOW HITPOINT WARNING * * *
The goblin hits you with a +0 dagger.
You die...

......÷. #. ###.. ..
#.... .### #. ...∩..##
....#. ......#. #..#.###
...## ## #......# .. #
###.##gK.# # . ##
........@##.#.# #.
..............# #.
.........##.#.####### #.
.........# .. ...... #.
.........# ## #.#.. #.
.........# #....###.
.......†.# #......
.........###### #....##
...............##.###.###


You could see a goblin and a kobold.

Vanquished Creatures
  A goblin (D:1)
  A hobgoblin (D:1)
  A kobold (D:1)
  2 rats (D:1)
5 creatures vanquished.

Notes
Turn   | Place    | Note
-------+----------+-------------------------------------------
     0 | D:1      | Descartes the Felid Wanderer began the quest for the Orb.
     0 | D:1      | Descartes set off with the following items: a potion of
                  | lignification, a potion of curing
     0 | D:1      | Reached XP level 1. HP: 10/10 MP: 4/4
   557 | D:1      | Slain by a goblin

Illustrated notes

Levels and vault maps discovered:
D:1:      amcnicky_arrival_abandoned_market, layout_basic

Skill      XL: |  1 |
---------------+----+-----
Stealth        | 3 |  3.0
Fighting       | |  3.0
Dodging        | |  0.7
Unarmed Combat | |  0.4
Spellcasting   | |  2.0
Fire Magic     | |  1.7
Ice Magic      | |  1.0

Action                   || total
-------------------------++-------
Melee: Unarmed           ||    28
Dodge: Dodged            ||    20
